 Dungeon Sprint DCSS version 0.30-a0-457-g4b7bca3bfa (webtiles) character file.

Game seed: 5640897140504116925

31548 rocky1 the Slayer (level 13, -1/169 HPs)
             Began as an Ogre Gladiator on Dec 13, 2022.
             Was a High Priest of Cheibriados.
             Slain by an orc knight
             ... wielding a +2 halberd
              (30 damage)
             ... in the Dungeon (Sprint VII: "The Pits").
             The game lasted 00:15:48 (6008 turns).

rocky1 the Slayer (Ogre Gladiator)                  Turns: 6008, Time: 00:15:49

Health: -1/169     AC: 12    Str: 39    XL:     13   Next: 58%
Magic:  16/24      EV: 22    Int: 23    God:    Cheibriados [*****.]
Gold:   69         SH:  0    Dex: 24    Spells: 19/24 levels left

rFire   . . .      SeeInvis .    C - +3 battleaxe
rCold   + . .      Faith    .    (shield currently unavailable)
rNeg    . . .      Spirit   .    J - +2 troll leather armour
rPois   .          Reflect  .    c - +0 hat
rElec   .          Harm     .    r - +0 cloak
rCorr   .          Rampage  .    (gloves unavailable)
Will    +....      NoTele   +    (boots unavailable)
Stlth   ++........               (no amulet)
HPRegen 1.28/turn                t - +3 ring of protection
MPRegen 0.19/turn                w - ring of protection from cold

@: very slow
A: large, unfitting armour, tough skin 1
a: Renounce Religion, Bend Time, Temporal Distortion, Slouch, Step From Time


You were in the Dungeon.
You worshipped Cheibriados.
Cheibriados was extremely pleased with you.
You visited 1 branch You collected 69 gold pieces.

Inventory:

Hand Weapons
 a - a +2 vorpal morningstar
 o - a +2 war axe of freezing
 p - the +2 scimitar "Hekikatt" {freeze, rC+ rN+ Dex+3}
   (You found it in the Dungeon)

   It freezes those it strikes, dealing additional cold damage.
   It can also slow down cold-blooded creatures.
   Dex:       It affects your dexterity (+3).
   rC:        It protects you from cold.
   rN:        It protects you from negative energy.
 q - a +0 hand axe of freezing
 C - a +3 battleaxe (weapon)
 E - a +4 vorpal broad axe
Missiles
 d - 2 throwing nets
 e - 3 large rocks (quivered)
Armour
 b - a +0 robe
 c - a +0 hat (worn)
 r - a +0 cloak (worn)
 D - +0 steam dragon scales
 J - a +2 troll leather armour (worn)
Jewellery
 k - a ring of fire
 s - a +3 ring of dexterity
 t - a +3 ring of protection (left hand)
 w - a ring of protection from cold (right hand)
 G - a +4 ring of evasion
Wands
 B - a wand of polymorph (1)
 H - a wand of flame (29)
Scrolls
 m - 5 scrolls of amnesia
 n - a scroll of butterflies
 x - 4 scrolls of fear
 y - a scroll of silence
 A - a scroll of fog
Potions
 f - 8 potions of curing
 g - 13 potions of heal wounds
 h - a potion of haste
 j - 3 potions of berserk rage
 l - 2 potions of invisibility
 u - 4 potions of mutation
 v - 4 potions of might
Miscellaneous
 F - a tin of tremorstones (2/2)
 I - a phantom mirror


   Skills:
 + Level 21.2 Fighting
 * Level 18.9 Axes
 + Level 9.7 Throwing
 + Level 6.6 Armour
 + Level 15.7 Dodging
 - Level 6.0 Spellcasting
 - Level 4.9 Translocations
 - Level 15.6 Invocations


You had 19 spell levels left.
You knew the following spells:

 Your Spells              Type           Power      Damage    Failure   Level
a - Blink                 Tloc           58%        N/A       1%          2
b - Lesser Beckoning      Tloc           58%        N/A       3%          3

Your spell library contained the following spells:

 Spells                   Type           Power      Damage    Failure   Level
 Momentum Strike          Conj/Tloc      36%        3d9       4%          2
 Freeze                   Ice            24%        1d4       9%          1
 Frozen Ramparts          Ice            12%        1d2       26%         3
 Hailstorm                Conj/Ice       6%         3d4       26%         3


Dungeon Overview and Level Annotations

Branches:
Dungeon (1/1)

Altars:
Ashenzari
Cheibriados
Dithmenos
Elyvilon
Fedhas
Gozag
Hepliaklqana
Kikubaaqudgha
Makhleb
Nemelex Xobeh
Okawaru
Qazlal
Ru
Sif Muna
Trog
Uskayaw
Vehumet
Wu Jian
Xom
Yredelemnul
Zin
The Shining One
Jiyva
Lugonu


Innate Abilities, Weirdness & Mutations

You are too large for most types of armour.
You have tough skin. (AC +1)


Message History

Cheibriados thoroughly appreciates the change of pace.
An orc knight comes into view. It is wielding a +2 halberd.
The orc knight shouts!
You hit the orc knight.
The orc knight is lightly wounded.
You slice the orc knight!!
The orc knight is heavily wounded.
Okay, then.
Okay, then.
Activating: Slouch (0% risk of failure)
Press: ? - help, Dir - look around, f - activate You can feel time thicken for a moment.
The orc knight closely misses you.
The orc knight hits you with a +0 dire flail!!
Unknown command.
You closely miss the orc knight.
The orc knight is severely wounded.
The orc knight hits you with a +0 dire flail!
* * * LOW HITPOINT WARNING * * *
The orc knight hits you from afar with a +0 glaive!!
* * * LOW HITPOINT WARNING * * *
Unknown command.
Okay, then.
You feel much better.
The orc knight no longer looks unusually strong.
The orc knight hits you but does no damage.
The orc knight barely misses you. The orc knight misses you.
Magic courses through your body.
The orc knight roars a battlecry!
The orc knight goes into a battle-frenzy!
The orc knight jeers loudly.
The orc knight completely misses you. x2
Activating: Slouch (0% risk of failure)
Press: ? - help, Dir - look around, f - activate You can feel time thicken for a moment.
Cheibriados lowers the support of your attributes as your movement quickens.
The orc knight no longer looks unusually strong. x2
The orc knight hits you from afar with a +0 glaive!
* * * LOW HITPOINT WARNING * * *
The orc knight hits you from afar with a +2 halberd!!
You die...

...++..........#*,,+,,,,,,,,,,,,,
...++..........#*,,+,,,,,,,,,,,,,
#..##..#....#..#*,,*++*++*++*++**
#..##..........++,,,,,*,,,,,*,,*,
#..##....[.....++,,,,,*,,,,,*,,*,
#..####++####++#*****************
#..####++####++##################
#..##......##...o.o...........o.[
#..##.#'##.##.รท)@oo)..)..........
...##.#).'.##..##############''##
...##.'..#.##..#,,,*,*,*,*,,,....
#####.#).'.##..#,*,*,*,*,*,*,..o#
#####.').#.##..#,,,*,*,*,,,,,o.p.
#..##,##+#.##..#*,**,*,*,*,*,o..#
#..#*,,,,,,##..#,,,*+*+*,,,,,..e.
+..#********#..#,*,*,,,*,*,*,..D#
+..##########..#,,,*,,,,,,,,,,,,,


You could see 4 orc knights.

Vanquished Creatures
  A deep elf blademaster (D)
  A fire giant (D)
  A ghost moth (D)
  A balrug (D)
  An orc warlord (D)
  A red draconian (D)
  An eidolon (D)
  A rakshasa (D)
  An ogre mage (D)
  2 death knights (D)
  3 two-headed ogres (D)
  A deep elf knight (D)
  A fire crab (D)
  2 sixfirhies (D)
  A sea snake (D)
  2 spriggan druids (D)
  A swamp dragon (D)
  3 deep trolls (D)
  5 harpies (D)
  A wizard (D)
  2 lindwurms (D)
  A phantasmal warrior (D)
  2 orc knights (D)
  A cyclops (D)
  Maurice (D)
  An eye of devastation (D)
  2 naga magi (D)
  A guardian serpent (D)
  A smoke demon (D)
  A komodo dragon (D)
  2 rime drakes (D)
  An unseen horror (D)
  An efreet (D)
  2 kobold demonologists (D)
  An ice devil (D)
  2 merfolk (D)
  A wind drake (D)
  2 hornets (D)
  2 tarantellas (D)
  A jumping spider (D)
  A flying skull (D)
  An air elemental (D)
  2 wraiths (D)
  A shadow (D)
  A spriggan (D)
  A ynoxinul (D)
  2 basilisks (D)
  A water elemental (D)
  6 redbacks (D)
  A chaos spawn (D)
  2 vampire mosquitoes (D)
  A steam dragon (D)
  2 wargs (D)
  A naga (D)
  4 floating eyes (D)
  A swamp drake (D)
  A black bear (D)
  An ice beast (D)
  A water moccasin (D)
  2 sky beasts (D)
  3 ogres (D)
  A centaur (D)
  A bullfrog (D)
  An earth elemental (D)
  6 killer bees (D)
  A jelly (D)
  A crimson imp (D)
  2 hounds (D)
  A quasit (D)
  An iron imp (D)
  A mummy (D)
  An adder (D)
  2 river rats (D)
  2 orcs (D)
  An endoplasm (D)
  8 jackals (D)
  3 kobolds (D)
  A ball python (D)
  A frilled lizard (D)
  2 goblins (D)
  A rat (D)
133 creatures vanquished.

Notes
Turn   | Place    | Note
-------+----------+-------------------------------------------
     0 | D        | rocky1 the Ogre Gladiator began the quest for the Orb.
     0 | D        | Reached XP level 1. HP: 22/22 MP: 1/1
    17 | D        | Reached skill level 3 in Fighting
    45 | D        | Found a bloodstained altar of Trog.
    45 | D        | Found a shimmering blue altar of Sif Muna.
    45 | D        | Found a viscous altar of Jiyva.
    45 | D        | Found a hazy altar of Hepliaklqana.
    45 | D        | Found an opulent altar of Gozag.
    46 | D        | Found a glowing golden altar of the Shining One.
    46 | D        | Found a glowing silver altar of Zin.
    46 | D        | Found a basalt altar of Yredelemnul.
    46 | D        | Found a shimmering altar of Xom.
    46 | D        | Found an ornate altar of the Wu Jian Council.
    46 | D        | Found a sacrificial altar of Ru.
    46 | D        | Found a stormy altar of Qazlal.
    46 | D        | Found an iron altar of Okawaru.
    46 | D        | Found a sparkling altar of Nemelex Xobeh.
    46 | D        | Found a burning altar of Makhleb.
    46 | D        | Found a blossoming altar of Fedhas.
    46 | D        | Found a white marble altar of Elyvilon.
    46 | D        | Found a shadowy altar of Dithmenos.
    46 | D        | Found a snail-covered altar of Cheibriados.
    49 | D        | Found a corrupted altar of Lugonu.
    49 | D        | Found a radiant altar of Vehumet.
    50 | D        | Found an ancient bone altar of Kikubaaqudgha.
    50 | D        | Found a hide-covered altar of Uskayaw.
    50 | D        | Found a broken altar of Ashenzari.
    57 | D        | Became a worshipper of Cheibriados the Contemplative
    70 | D        | Noticed a floating eye
    75 | D        | Killed a floating eye
    76 | D        | Reached skill level 5 in Fighting
    76 | D        | Reached skill level 5 in Invocations
    76 | D        | Reached XP level 2. HP: 35/35 MP: 1/5
    76 | D        | Reached XP level 3. HP: 42/42 MP: 1/6
    76 | D        | Reached XP level 4. HP: 50/50 MP: 1/7
    77 | D        | Noticed a floating eye
    81 | D        | Killed a floating eye
    81 | D        | Reached * piety under Cheibriados
    82 | D        | Reached skill level 7 in Fighting
    82 | D        | Reached skill level 5 in Dodging
    82 | D        | Reached XP level 5. HP: 62/62 MP: 1/9
    91 | D        | Reached ** piety under Cheibriados
   267 | D        | Noticed a warg
   278 | D        | Killed a warg
   279 | D        | Reached skill level 8 in Fighting
   279 | D        | Reached XP level 6. HP: 52/74 MP: 9/11
   347 | D        | Noticed a floating eye
   347 | D        | Noticed a floating eye
   348 | D        | Paralysed by a floating eye for 2 turns
   352 | D        | Killed a floating eye
   352 | D        | Reached *** piety under Cheibriados
   353 | D        | Reached skill level 9 in Fighting
   354 | D        | Reached XP level 7. HP: 64/83 MP: 11/13
   355 | D        | Reached **** piety under Cheibriados
   673 | D        | Noticed a flying skull
   675 | D        | Killed a flying skull
   675 | D        | Reached ***** piety under Cheibriados
   676 | D        | Reached skill level 10 in Fighting
   693 | D        | Reached XP level 8. HP: 95/96 MP: 11/15
   710 | D        | Reached skill level 11 in Fighting
   960 | D        | Reached skill level 10 in Axes
   960 | D        | Reached skill level 10 in Invocations
   960 | D        | Reached ****** piety under Cheibriados
  1030 | D        | Noticed a rime drake
  1032 | D        | Reached skill level 12 in Fighting
  1034 | D        | Killed a rime drake
  1035 | D        | Reached XP level 9. HP: 83/107 MP: 10/17
  1080 | D        | Got the +2 scimitar "Hekikatt" {freeze, rC+ rN+ Dex+3}
  1153 | D        | Reached skill level 13 in Fighting
  1418 | D        | Noticed a rime drake
  1418 | D        | Noticed a hornet
  1419 | D        | Killed a rime drake
  1419 | D        | Killed a hornet
  1420 | D        | Reached skill level 10 in Dodging
  1457 | D        | Noticed a lindwurm
  1463 | D        | Killed a lindwurm
  1464 | D        | Reached skill level 14 in Fighting
  1525 | D        | Noticed a sea snake
  1535 | D        | Killed a sea snake
  1536 | D        | Reached XP level 10. HP: 29/123 MP: 13/19
  1955 | D        | Reached skill level 15 in Fighting
  2200 | D        | Noticed a deep troll
  2200 | D        | Noticed a harpy
  2200 | D        | Noticed a harpy
  2201 | D        | Noticed a kobold demonologist
  2201 | D        | Noticed a harpy
  2201 | D        | Noticed a harpy
  2201 | D        | Noticed a harpy
  2201 | D        | Noticed a kobold demonologist
  2202 | D        | Killed a harpy
  2202 | D        | Killed a harpy
  2202 | D        | Killed a harpy
  2202 | D        | Killed a harpy
  2202 | D        | Killed a harpy
  2203 | D        | Reached skill level 16 in Fighting
  2203 | D        | Reached XP level 11. HP: 118/137 MP: 15/21
  2207 | D        | Killed a deep troll
  2208 | D        | Reached skill level 17 in Fighting
  2441 | D        | Noticed a cyclops
  2442 | D        | Noticed a fire crab
  2443 | D        | Reached skill level 15 in Invocations
  2453 | D        | Killed a fire crab
  2454 | D        | Reached skill level 18 in Fighting
  2457 | D        | Killed a cyclops
  3151 | D        | Noticed Maurice
  3155 | D        | Paralysed by a hornet for 3 turns
  3158 | D        | Killed Maurice
  3159 | D        | Reached skill level 15 in Axes
  3472 | D        | Noticed a spriggan druid
  3473 | D        | Noticed a rakshasa
  3477 | D        | Killed a spriggan druid
  3480 | D        | Killed a rakshasa
  3600 | D        | Noticed a death knight
  3606 | D        | Killed a death knight
  3607 | D        | Reached skill level 19 in Fighting
  3607 | D        | Reached skill level 5 in Throwing
  3607 | D        | Reached XP level 12. HP: 80/154 MP: 2/23
  3797 | D        | Reached skill level 1 in Armour
  4191 | D        | Noticed a fire giant
  4191 | D        | Noticed a deep elf blademaster
  4191 | D        | Noticed a death knight
  4195 | D        | Killed a deep elf blademaster
  4203 | D        | Killed a fire giant
  4205 | D        | Killed a death knight
  4216 | D        | Reached skill level 20 in Fighting
  4527 | D        | Learned a level 2 spell: Blink
  4531 | D        | Learned a level 3 spell: Lesser Beckoning
  4711 | D        | Noticed a two-headed ogre
  4716 | D        | Killed a two-headed ogre
  4717 | D        | Reached skill level 1 in Spellcasting
  4717 | D        | Reached skill level 1 in Translocations
  4719 | D        | Noticed a balrug
  4729 | D        | Killed a ghost moth
  4734 | D        | Killed a balrug
  4735 | D        | Reached skill level 15 in Dodging
  4744 | D        | Reached XP level 13. HP: 39/166 MP: 4/24
  4847 | D        | Reached skill level 5 in Armour
  4855 | D        | Noticed an eidolon
  4927 | D        | Killed an eidolon
  5020 | D        | Noticed a red draconian
  5021 | D        | Reached skill level 5 in Spellcasting
  5114 | D        | Killed a red draconian
  5714 | D        | Reached skill level 21 in Fighting
  5981 | D        | Noticed an orc warlord
  5994 | D        | Killed an orc warlord
  6008 | D        | Slain by an orc knight

Illustrated notes

Levels and vault maps discovered:
D:        pitsprint [storerooms_1, entrance_room_1, metal_vault_2, armoury_3,
          mini_pit_1, grid_room_1, main_hall_1, silver_pit, the_coven_1,
          the_vestibule_1, steel_vault_5, golden_pit, hallway_of_sentries,
          crystal_vault_4, iron_vault_5, final_vault]

Skill      XL: |  1  2  3  4  5  6  7  8  9 10 11 12 13 |
---------------+----------------------------------------+-----
Dodging        | 4 5 6 8 9 11 12 14 15 | 15.7
Fighting       | 5 7 8 9 10 12 14 16 19 20 21 | 21.2
Axes           | 6 7 8 9 10 12 13 15 17 18 | 18.9
Invocations    | 5 6 7 8 9 10 12 14 15 | 15.6
Throwing       | 5 8 9 |  9.7
Armour         | 4 6 |  6.6
Spellcasting   | 3 6 |  6.0
Translocations | 2 4 |  4.9

Action                   |  1- 3 |  4- 6 |  7- 9 | 10-12 | 13-15 || total
-------------------------+-------+-------+-------+-------+-------++-------
Melee: War axe           |     9 |       |    18 |    33 |       ||    60
       Hand axe          |     3 |    27 |    38 |       |       ||    68
       Punch             |       |       |     1 |       |       ||     1
       Battleaxe         |       |       |       |    29 |    93 ||   122
Throw: Throwing net      |       |     1 |       |       |       ||     1
Invok: Slouch            |       |       |     5 |    32 |     6 ||    43
       Bend Time         |       |       |     1 |       |       ||     1
  Use: Potion            |       |       |       |    10 |     2 ||    12
       Scroll            |       |       |       |     3 |     3 ||     6
 Stab: Held in net/web   |       |     1 |       |       |       ||     1
       Distracted        |       |       |     1 |       |     1 ||     2
       Sleeping          |       |       |     2 |     1 |       ||     3
Armor: Robe              |     7 |     3 |     2 |     6 |       ||    18
       Skin              |       |       |       |     1 |       ||     1
       Steam dragon scal |       |       |       |     8 |    17 ||    25
       Troll leather arm |       |       |       |       |     1 ||     1
Dodge: Dodged            |     8 |     9 |    40 |   105 |    89 ||   251

Table legend: (Time is in decaauts)
 A = Elapsed time spent in this place.
 B = Non-inter-level travel time spent in this place.
 C = Inter-level travel time spent in this place.
 D = Time resting spent in this place.
 E = Time spent auto-exploring this place.
 F = Levels seen in this place.
 G = Mean time per level.
                   A        B        C        D        E       F      G
               +--------+--------+--------+--------+--------+-----+--------+
         Total |   6825 |   6640 |    185 |   4590 |      0 |   1 | 6825.0 |
       Dungeon |   6825 |   6640 |    185 |   4590 |      0 |   1 | 6825.0 |
               +--------+--------+--------+--------+--------+-----+--------+

Top non-repeatable levels by time:
       D: 6825 daAuts
